Semilg, lawful female dwarven Valkyrie ----- --------- |<..--- ------.......-- |.....---|.........--..| --..|....|.---------|..| --.|-.....---- ---- --|.........|--- ----.|....|..----. ---..|....|... ------ |..|........ |%%.(| --......--- |....| |........ ---|-- ----....- -- --.---...-|...- |..|-@.......G|..-- |..-..a.d.....G.... ----.....{....---- ............- ----......... --..------ Semilg the Skirmisher Experience level: 5 Strength: 16 Dexterity: 12 Constitution: 19 Intelligence: 10 Wisdom: 8 Charisma: 8 Health: 0(78) Energy: 1(1) Def: 6 Gold: 208 Moves: 3425 Dungeon seed: aLwpjmahMX4PMaRy Game ID: Semilg_1570645257 Your Inventory: Coins $ - 208 gold pieces Amulets g - a cursed amulet of restful sleep Weapons a - a blessed +1 long sword (weapon in hand) b - a blessed +0 dagger h - 11 uncursed +0 orcish arrows s - 13 uncursed +0 darts (in quiver) t - an uncursed +0 arrow u - a blessed +1 arrow E - 10 uncursed +0 shuriken Armor e - an uncursed +3 small shield (being worn) n - an uncursed +0 leather armor (being worn) q - a cursed -1 plate mail r - a cursed -1 pair of gauntlets of fumbling y - a blessed +0 pair of kicking boots N - an uncursed +0 ring mail Comestibles p - an uncursed fortune cookie w - an uncursed slime mold A - 2 uncursed food rations Scrolls f - an uncursed scroll of confuse monster i - a blessed scroll of genocide j - an uncursed scroll of identify Spellbooks k - an uncursed spellbook of slow monster m - an uncursed spellbook of light Potions o - a blessed potion of fruit juice I - an uncursed potion of enlightenment K - an uncursed potion of blindness P - an uncursed potion of water Wands C - a blessed wand of undead turning (0:7) Tools d - an uncursed oil lamp (lit) (0:1184) x - an uncursed blindfold G - an uncursed tallow candle (0:200) J - an uncursed leash Gems z - an uncursed luckstone F - an uncursed worthless piece of yellow glass H - an uncursed worthless piece of red glass L - an uncursed worthless piece of violet glass M - an uncursed ruby Y - 2 uncursed worthless pieces of yellowish brown glass Spells and supernatural/magical abilities: Name Level Category Cost Memory W - pray for help -- divine ? -- Your skills at the end: Fighting Skills wands [Basic] Weapon Skills dagger [Basic] long sword [Basic] Spellcasting Skills Final Attributes: You were piously aligned. You were immune to cold. You saw invisible. You had infravision. You were stealthy. You were lucky. You had extra luck. Bad luck did not time out for you. Good luck did not time out for you. Tyr was noncommittal. You are dead. Vanquished creatures: a small mimic an imp a rock piercer a shrieker a gnome lord a baby crocodile a kitten a wererat an acid blob 2 manes a large kobold 2 giant rats a yellow mold a green mold 2 red molds 3 gnomes 6 garter snakes 4 geckos 5 jackals 2 foxes 2 kobolds 3 sewer rats 3 grid bugs 4 bats a lichen a kobold zombie 2 newts 54 creatures vanquished. Voluntary challenges: You were an atheist. You used a wielded weapon 70 times, starting on turn 73. You were illiterate. You never genocided any monsters. You never polymorphed an object. You never changed form. You used no wishes. You never split a pudding. You never wrote Elbereth's name. You never violated your personal moral code. Dungeon overview: The Dungeons of Doom: levels 1 to 5 Level 1 some fountains a long staircase Level 2 a hardware shop, a sink Level 3 a fountain, a sink Level 4 a general store, a fountain stairs to The Gnomish Mines Level 5 The Gnomish Mines: levels 5 to 7 Level 5 stairs to The Dungeons of Doom Level 6 Level 7 <- You were here a delicatessen, a fountain History has recorded: On T:1 you entered the Dungeons of Doom to retrieve the Amulet of Yendor! On T:156 you reached level 2 of The Dungeons of Doom. On T:558 you reached level 3 of The Dungeons of Doom. On T:890 you advanced to experience level 2. On T:951 you reached level 4 of The Dungeons of Doom. On T:1312 you advanced to experience level 3. On T:1673 you reached level 5 of The Dungeons of Doom. On T:1851 you advanced to experience level 4. On T:2101 you reached level 1 of The Gnomish Mines. On T:2228 you reached level 2 of The Gnomish Mines. On T:2625 you reached level 3 of The Gnomish Mines. On T:2668 you advanced to experience level 5. Score breakdown: Gold: 208 ( 7892 points) Experience: 5 levels (11141 points) Exploration: 7 levels ( 14.29%) (10606 points) Discoveries: 2 items ( 0.80%) ( 2683 points) Valuables value: (no points given unless you survive) Artifact value: 0 ( 0 points) Variety of kills: 27 monsters ( 7.11%) ( 7996 points) Turncount: 3425 turns ( -795 points) Survival: died (score multiplied by 80%) Total score: 31618 Latest messages: The soldier ant misses. (2x) The soldier ant bites! The soldier ant stings! You miss the soldier ant. The soldier ant bites! The soldier ant stings! The soldier ant bites! The soldier ant stings! The soldier ant misses. The soldier ant stings! [2 turns] You miss the soldier ant. The soldier ant bites! The soldier ant stings! The soldier ant bites! The soldier ant stings! This tastes like slime mold juice. (You can name a brilliant blue potion from the item naming menu.) The soldier ant bites! The soldier ant stings! You die... Final status: Farvel Semilg the Valkyrie, killed by a soldier ant... You died in The Gnomish Mines on dungeon level 7 with 31618 points, and 208 pieces of gold, after 3425 moves. You were level 5 with a maximum of 78 hit points when you died.